 Dungeon Crawl Stone Soup version 0.22-a0-772-gac08f70 (webtiles) character file.

134 yoda5477 the Digger (level 4, 0/31 HPs)
             Began as a Vampire Earth Elementalist on July 17, 2018.
             Killed by divine providence
             ... invoked by an orc priest
              (9 damage)
             ... on level 3 of the Dungeon.
             The game lasted 00:18:20 (4900 turns).

yoda5477 the Digger (Vampire Earth Elementalist)    Turns: 4900, Time: 00:18:21

Health: 0/31       AC:  4    Str:  7    XL:     4   Next: 95%
Magic:  0/7        EV: 13    Int: 18    God:
Gold:   76         SH:  0    Dex: 14    Spells: 2/8 levels left

rFire    . . .     SeeInvis +   m - +0 dagger (speed)
rCold    + + .     Gourm    .   (no shield)
rNeg     + + .     Faith    .   c - +0 robe
rPois    +         Spirit   .   (no helmet)
rElec    .         Reflect  .   s - +1 cloak
rCorr    .         Harm     .   (no gloves)
MR       .....                  (no boots)
Stlth    +++.......             (no amulet)
HPRegen  0.05/turn              q - ring of protection from cold
MPRegen  0.10/turn              v - ring of wizardry

@: regenerating slowly
A: fangs 3, see invisible, unbreathing
a: Bat Form


You were on level 3 of the Dungeon.
You were very thirsty.

You visited 1 branch of the dungeon, and saw 3 of its levels.

You collected 76 gold pieces.

Inventory:

Hand Weapons
 a - a +0 dagger
 i - a +0 club
 j - a +0 club
 m - a +0 dagger of speed (weapon)
 n - a +1 hand axe of freezing
 o - a +0 short sword
 p - a +0 whip
Missiles
 b - 67 stones (quivered)
Armour
 c - a +0 robe (worn)
 l - a cursed +0 leather armour
 r - a +0 cloak
 s - a +1 cloak (worn)
 w - a +0 ring mail
Jewellery
 k - a cursed ring of teleportation
 q - a ring of protection from cold (left hand)
 v - a ring of wizardry (right hand)
Scrolls
 g - 2 scrolls of identify
 h - 3 scrolls of teleportation {unknown}
 t - 2 scrolls of magic mapping {unknown}
Potions
 d - 9 potions of blood
 e - a potion of haste {unknown}
 f - a potion of curing {unknown}
 u - a potion of might {unknown}


   Skills:
 + Level 0.7 Fighting
 + Level 1.5 Short Blades
 + Level 3.0 Dodging
 + Level 3.3 Stealth
 + Level 2.5 Spellcasting
 + Level 1.1 Transmutations
 * Level 4.3 Earth Magic


You had 2 spell levels left.
You knew the following spells:

 Your Spells              Type           Power        Failure   Level  Hunger
a - Sandblast             Erth           ###...       1%          1    #......
b - Passwall              Tmut/Erth      ##......     3%          2    ##.....
c - Stone Arrow           Conj/Erth      ##....       9%          3    ###....

Your spell library contained the following spells:

 Spells                   Type           Power        Failure   Level  Hunger
 Lee's Rapid Deconstruct  Erth           ###.......   30%         5    ######.
 Petrify                  Tmut/Erth      ##......     22%         4    #####..


Dungeon Overview and Level Annotations

Branches:
Dungeon (3/15)

Altars:

Annotations:
D:3 exclusion: orc priest, Natasha, Sigmund


Innate Abilities, Weirdness & Mutations

You heal slowly.
You have razor-sharp teeth.
You have supernaturally acute eyesight. (SInv)
You can survive without breathing.


Message History

b - 68 stones The orc hits you with a hand axe.
The orc priest invokes the aid of Beogh against you.
Pain shoots through your body!
* * * LOW HITPOINT WARNING * * *
Casting: Sandblast (safe; 1% risk of failure)
Confirm with . or Enter, or press ? or * to list all spells.
Aiming: Sandblast (safe; 1% risk of failure)
Press: ? - help, Shift-Dir - straight line, f/p - orc priest
Aim: an orc priest, wielding a mace, wearing a ring mail and wearing a square steel amulet (severely wounded)
The blast of sand hits the orc priest.
The orc priest is severely wounded.
b - 67 stones The orc hits you but does no damage.
The orc priest barely misses you.
Casting: Sandblast (safe; 1% risk of failure)
Confirm with . or Enter, or press ? or * to list all spells.
You don't have enough magic to cast that spell.
The orc priest calls down the wrath of Beogh upon you.
Beogh smites you!
You die...

.# # ..##o## #........##.## .#####
#.#.##..### #.###.......## ...).#
#.#.#.#.#.###.# #..#.##.## .###.#
#..........##.# #.<....[## ..##.#
###.#.#.#<###.####.#...... ..##.#
#............(....####.## .....#
##.#.#.#.#...####.####.##
..#######.........#..####........
..#รท.....#.#.#.#@##.......##.....
.....)........oo..#.####.........
.##......#.#.#.#.##.......##.....
.########...........####..##.....
.# #...#######.####..####### .#
#...# #.##....# .# #...# #.##.##.#
### # .# ######...#
#.##.##.###.### .###........#
#.......##<#.#.


You could see an orc priest and an orc.

Vanquished Creatures
  An orc wizard (D:3)
  2 adders (D:2)
  4 oozes
  2 worms
  3 dart slugs
  4 leopard geckos
  An orc (D:3)
  2 ball pythons
  A bat (D:3)
  A giant cockroach (D:2)
  10 goblins
  4 hobgoblins
  3 jackals
  3 quokkas
  3 frilled lizards
  7 kobolds
  3 rats
54 creatures vanquished.

Notes
Turn   | Place    | Note
-------+----------+-------------------------------------------
     0 | D:1      | yoda5477 the Vampire Earth Elementalist began the quest for the Orb.
     0 | D:1      | Reached XP level 1. HP: 13/13 MP: 3/3
   108 | D:1      | Reached XP level 2. HP: 16/19 MP: 5/5
  1297 | D:1      | Reached XP level 3. HP: 17/24 MP: 6/6
  2292 | D:2      | Reached skill level 4 in Earth Magic
  2833 | D:2      | Reached XP level 4. HP: 31/31 MP: 7/7
  3031 | D:2      | Learned a level 2 spell: Passwall
  3112 | D:2      | Reached skill level 1 in Short Blades
  4126 | D:2      | Learned a level 3 spell: Stone Arrow
  4194 | D:3      | Noticed Natasha
  4342 | D:3      | Noticed Sigmund
  4900 | D:3      | Killed from afar by an orc priest

Vault maps used:
D:1:      erik_arrival_triangle_small, minmay_ruptured
D:3:      first_ration, st_stairs_9, uniq_natasha, uniq_sigmund

Skill      XL: |  1  2  3  4 |
---------------+-------------+-----
Earth Magic    | 4 |  4.3
Short Blades   | 1 |  1.5
Dodging        | 3 |  3.0
Fighting       | |  0.7
Stealth        | |  3.3
Spellcasting   | |  2.5
Transmutations | |  1.1

Action                   |  1- 3 |  4- 6 || total
-------------------------+-------+-------++-------
Melee: Unarmed           |    30 |       ||    30
       Bite              |    13 |     6 ||    19
       Dagger            |   117 |   119 ||   236
 Cast: Sandblast         |    19 |    24 ||    43
  Use: Potion            |     5 |     5 ||    10
       Scroll            |       |     4 ||     4
 Stab: Sleeping          |     1 |     3 ||     4
       Distracted        |       |     1 ||     1
Armor: Robe              |    14 |    20 ||    34
Dodge: Dodged            |    82 |    49 ||   131

Table legend:
 A = Spawn XP
 B = Non-spawn XP
 C = Spawn XP percentage of total XP
 D = Spawn monster count
 E = Non-spawn monster count
 F = Spawn count percentage of total count
 G = Total turns spent on level
                    A         B        C        D         E        F      G
               +---------+---------+-------+---------+---------+-------+---------
         Total |       0 |     192 |   0.0 |       0 |      54 |   0.0 |  4900
               +---------+---------+-------+---------+---------+-------+---------
           D:1 |       0 |      50 |   0.0 |       0 |      17 |   0.0 |  2015
           D:2 |       0 |      77 |   0.0 |       0 |      24 |   0.0 |  1613
           D:3 |       0 |      65 |   0.0 |       0 |      13 |   0.0 |  1272
               +---------+---------+-------+---------+---------+-------+---------
